 Dungeon Crawl Stone Soup version 0.21.1-1-g345015fe64 (webtiles) character file.

119 Peloso the Shield-Bearer (level 4, -3/35 HPs)
             Began as a Demonspawn Fighter on May 13, 2018.
             Slain by Scuka's ghost (11 damage)
             ... on level 3 of the Dungeon.
             The game lasted 00:05:06 (2063 turns).

Peloso the Shield-Bearer (Demonspawn Fighter)       Turns: 2063, Time: 00:05:07

Health: -3/35      AC:  6    Str: 22    XL:     4   Next: 74%
Magic:  4/4        EV:  7    Int: 10    God:
Gold:   94         SH:  9    Dex: 12    Spells: 3/3 levels left

rFire    + . .     SeeInvis .   a - +0 long sword
rCold    . . .     Gourm    .   c - +0 shield
rNeg     . . .     Faith    .   b - +0 scale mail
rPois    .         Spirit   .   (no helmet)
rElec    .         Reflect  .   (no cloak)
rCorr    .         Harm     .   (no gloves)
MR       .....                  (no boots)
Stlth    ..........             (no amulet)
HPRegen  0.11/turn              (no ring)
MPRegen  0.09/turn              (no ring)

@: mighty
A: fire resistance 1
a: no special abilities


You were on level 3 of the Dungeon.
You were very hungry.

You visited 1 branch of the dungeon, and saw 3 of its levels.

You collected 94 gold pieces.

Inventory:

Hand Weapons
 a - a +0 long sword (weapon)
Armour
 b - a +0 scale mail (worn)
 c - a +0 shield (worn)
Jewellery
 m - an uncursed amulet of rage
Scrolls
 e - a scroll of identify {unknown}
 h - a scroll of fog {unknown}
 i - 2 scrolls of noise {unknown}
 j - 2 scrolls of magic mapping {unknown}
 k - a scroll of teleportation {unknown}
 l - a scroll of amnesia {unknown}
Potions
 d - a potion of might
Books
 g - a book of Misfortune

   Spells                             Type                      Level
   a - Confusing Touch                Hexes                        1
   b - Confuse                        Hexes                        3
   c - Gell's Gravitas                Translocation                3
   d - Petrify                        Transmutation/Earth          4
   e - Metabolic Englaciation         Hexes/Ice                    5
   f - Yara's Violent Unravelling     Hexes/Transmutation          5
Comestibles
 f - 7 rations


   Skills:
 + Level 3.4 Fighting
 + Level 2.9 Long Blades
 + Level 3.0 Armour
 + Level 0.6 Dodging
 + Level 3.7 Shields


You had 3 spell levels left.
You didn't know any spells.

Dungeon Overview and Level Annotations

Branches:
Dungeon (3/15)

Altars:
Hepliaklqana

Annotations:
D:3 Scuka's ghost, amateur MfGl


Innate Abilities, Weirdness & Mutations

Your flesh is heat resistant. (rF+)


Message History

There is a stone staircase leading down here.
You start resting.
You are feeling very hungry.
You start resting.
HP restored.
You climb downwards.
Level annotation: Scuka's ghost, amateur MfGl Scuka's ghost hits you!
You block Scuka's ghost's attack.
There is a stone staircase leading up here.
You feel very mighty all of a sudden. Scuka's ghost barely misses you.
You hit Scuka's ghost but do no damage. Scuka's ghost hits you!
You slash Scuka's ghost!
Scuka's ghost is moderately damaged.
You block Scuka's ghost's attack. Scuka's ghost hits you!
* * * LOW HITPOINT WARNING * * *
You barely miss Scuka's ghost.
Scuka's ghost is moderately damaged.
Scuka's ghost hits you!
You die...

### ..# #.#.#
#.#.# #.#@# #.#W#
#.#)# #.#.#
##.####.#.######
.................
#.###Wg#########
#..# #..#


You could see Scuka's ghost.

Vanquished Creatures
  4 adders
  A gnoll (D:2)
  An ooze (D:2)
  A dart slug (D:1)
  3 leopard geckos
  A ball python (D:1)
  2 giant cockroaches
  8 hobgoblins
  4 jackals (D:2)
  6 kobolds
  A quokka (D:2)
  10 bats
  3 frilled lizards
  9 goblins
  10 rats
64 creatures vanquished.

Notes
Turn   | Place    | Note
-------+----------+-------------------------------------------
     0 | D:1      | Peloso the Demonspawn Fighter began the quest for the Orb.
     0 | D:1      | Reached XP level 1. HP: 18/18 MP: 1/1
    83 | D:1      | Gained mutation: Your flesh is heat resistant. (rF+) [demonic ancestry]
    83 | D:1      | Reached XP level 2. HP: 19/24 MP: 2/2
   554 | D:1      | Reached XP level 3. HP: 19/29 MP: 3/3
   941 | D:2      | Found a hazy altar of Hepliaklqana.
  1009 | D:2      | Reached XP level 4. HP: 13/35 MP: 4/4
  1748 | D:3      | Noticed Scuka's ghost (amateur MfGl)
  2063 | D:3      | Slain by Scuka's ghost

Skill      XL: |  1  2  3 |
---------------+----------+-----
Shields        | 3 |  3.7
Long Blades    | 2 |  2.9
Armour         | 3 |  3.0
Fighting       | |  3.4
Dodging        | |  0.6

Action                   |  1- 3 |  4- 6 || total
-------------------------+-------+-------++-------
Melee: Long sword        |   130 |    93 ||   223
  Use: Potion            |       |     1 ||     1
  Eat: Chunk             |     1 |     2 ||     3
Armor: Scale mail        |    69 |    51 ||   120
Dodge: Dodged            |    51 |    40 ||    91
Block: Shield            |    78 |    66 ||   144
       Rpst.: Long sword |    16 |    16 ||    32
